 Dungeon Crawl Stone Soup version 0.22-a0-469-gf26638a (webtiles) character file.

41 protoss039 the Skirmisher (level 3, -2/24 HPs)
             Began as a Gargoyle Monk on June 11, 2018.
             Slain by a gnoll (6 damage)
             ... on level 2 of the Dungeon.
             The game lasted 00:02:10 (897 turns).

protoss039 the Skirmisher (Gargoyle Monk)            Turns: 897, Time: 00:02:11

Health: -2/24      AC:  8    Str: 19    XL:     3   Next: 52%
Magic:  3/3        EV: 11    Int: 10    God:
Gold:   48         SH:  0    Dex: 13    Spells: 2/2 levels left

rFire    . . .     SeeInvis .   m - +0 morningstar
rCold    . . .     Gourm    .   (no shield)
rNeg     + . .     Faith    .   l - +0 ring mail
rPois    ∞         Spirit   .   (no helmet)
rElec    +         Reflect  .   (no cloak)
rCorr    .         Harm     .   (no gloves)
MR       .....                  (no boots)
Stlth    +.........             (no amulet)
HPRegen  0.08/turn              (no ring)
MPRegen  0.08/turn              (no ring)

@: mighty, hasted, very quick
A: negative energy resistance 1, electricity resistance, unbreathing,
petrification resistance, rot immunity, AC +3
a: no special abilities


You were on level 2 of the Dungeon.
You were not hungry.

You visited 1 branch of the dungeon, and saw 2 of its levels.

You collected 48 gold pieces.

Inventory:

Hand Weapons
 a - a +0 mace
 m - a +0 morningstar (weapon)
Armour
 l - a +0 ring mail (worn)
Jewellery
 i - a cursed -3 ring of intelligence {unknown}
 j - a cursed ring of loudness {unknown}
Scrolls
 b - a scroll of fog {unknown}
 d - a scroll of enchant weapon {unknown}
 f - a scroll of immolation {unknown}
 k - 2 scrolls of identify {unknown}
Potions
 h - a potion of flight {unknown}
Comestibles
 c - 2 rations
 n - 2 chunks of flesh


   Skills:
 + Level 4.1 Fighting
 + Level 3.8 Maces & Flails
 - Level 2.4 Dodging
 - Level 2.2 Stealth


You had 2 spell levels left.
You didn't know any spells.
Your spell library was empty.

Dungeon Overview and Level Annotations

Branches:
Dungeon (2/15)

Altars:
Kikubaaqudgha


Innate Abilities, Weirdness & Mutations

You are resistant to torment.
Your stone body is resilient. (AC +3)
You are immune to poison.
You resist negative energy. (rN+)
You are resistant to electric shocks. (rElec)
You can survive without breathing.
You are immune to petrification.
You are immune to rotting.


Message History

You feel very mighty all of a sudden.
Unknown command.
Okay, then.
The gnoll hits you but does no damage.
You bludgeon the gnoll!!
You kill the gnoll!
Your Fighting skill increases to level 4!
The gnoll closely misses you.
You hit the gnoll.
The gnoll is heavily wounded.
The gnoll barely misses you.
You barely miss the gnoll.
The gnoll is heavily wounded.
The gnoll closely misses you.
You barely miss the gnoll.
The gnoll is heavily wounded.
You barely miss the gnoll.
The gnoll is heavily wounded.
The gnoll hits you.
You die...

#### ########
##..###..##..# .
##.#..#..#.#(.# [.
#_..#.g#..#...# ...
###.)#@)#..#..#
.... #...#...##..#
K...g##
#########...#
..g.g..##
###<..(......#
#..###..g#........#
##..##.###........#
##.g..# #........#
##..## ##########
#...#


You could see a gnoll.

Vanquished Creatures
  2 gnolls (D:2)
  2 dart slugs (D:1)
  An orc (D:2)
  2 giant cockroaches (D:1)
  2 goblins (D:1)
  A hobgoblin (D:1)
  3 ball pythons
  2 frilled lizards (D:1)
  2 kobolds (D:1)
  4 rats (D:1)
21 creatures vanquished.

Notes
Turn   | Place    | Note
-------+----------+-------------------------------------------
     0 | D:1      | protoss039 the Gargoyle Monk began the quest for the Orb.
     0 | D:1      | Reached XP level 1. HP: 14/14 MP: 1/1
    66 | D:1      | Reached XP level 2. HP: 16/19 MP: 2/2
   853 | D:2      | Found an ancient bone altar of Kikubaaqudgha.
   866 | D:2      | Reached XP level 3. HP: 7/24 MP: 3/3
   893 | D:2      | Reached skill level 4 in Fighting
   897 | D:2      | Slain by a gnoll

Vault maps used:
D:1:      lightli_arrival_noodles, minmay_misc_feat_enclosed
D:2:      marbit_many_paths, nicolae_overflow_quartered_altars, first_ration,
          cheibrodos_gnoll_hut

Skill      XL: |  1  2  3 |
---------------+----------+-----
Fighting       | 4 |  4.1
Maces & Flails | |  3.8
Dodging        | |  2.4
Stealth        | |  2.2

Action                   || total
-------------------------++-------
Melee: Mace              ||    58
       Morningstar       ||    11
  Use: Potion            ||     2
 Stab: Sleeping          ||     1
Armor: Robe              ||    11
       Ring mail         ||     3
Dodge: Dodged            ||    51

Table legend:
 A = Spawn XP
 B = Non-spawn XP
 C = Spawn XP percentage of total XP
 D = Spawn monster count
 E = Non-spawn monster count
 F = Spawn count percentage of total count
 G = Total turns spent on level
                    A         B        C        D         E        F      G
               +---------+---------+-------+---------+---------+-------+---------
         Total |       0 |      59 |   0.0 |       0 |      21 |   0.0 |   897
               +---------+---------+-------+---------+---------+-------+---------
           D:1 |       0 |      27 |   0.0 |       0 |      17 |   0.0 |   822
           D:2 |       0 |      32 |   0.0 |       0 |       4 |   0.0 |    75
               +---------+---------+-------+---------+---------+-------+---------
